 Dungeon Sprint DCSS version 0.28-a0-1594-ga885d4b3d6 (webtiles) character file.

Game seed: 8231733022843307917

875 innerfire433 the Fighter (level 7, -3/68 HPs)
             Began as a Demonspawn Chaos Knight on Jan 20, 2022.
             Was a Plaything of Xom.
             Slain by a centaur warrior (6 damage)
             ... in the Dungeon (Sprint I: "Red Sonja").
             The game lasted 00:01:24 (399 turns).

innerfire433 the Fighter (Demonspawn Chaos Knight)   Turns: 399, Time: 00:01:24

Health: -3/68      AC: -2    Str: 14    XL:     7   Next: 74%
Magic:  7/7        EV: 12    Int: 15    God:    Xom [......]
Gold:   162        SH:  0    Dex: 13    Spells: 6/6 levels left

rFire   . . .      SeeInvis .   a - +0 mace (chaos)
rCold   . . .      Faith    .   (no shield)
rNeg    . . .      Spirit   .   b - +2 leather armour
rPois   .          Reflect  .   (no helmet)
rElec   .          Harm     .   (no cloak)
rCorr   .          Rampage  .   (no gloves)
Will    .....      NoTele   +   (no boots)
Stlth   +.........              (no amulet)
HPRegen 0.21/turn               (no ring)
MPRegen 0.10/turn               (no ring)

@: mighty, corroded
A: demonic guardian 2, powered by pain 1, big brain 1
a: Renounce Religion


You were in the Dungeon.
You worshipped Xom.
You were a very special plaything of Xom.
You visited 1 branch You collected 162 gold pieces.

Inventory:

Hand Weapons
 a - a +0 mace of chaos (weapon)
Armour
 b - a +2 leather armour (worn)
Wands
 i - a wand of paralysis (2)
Scrolls
 h - a scroll of blinking
Potions
 e - a potion of haste
 f - 2 potions of magic
 j - a potion of degeneration {unknown}


   Skills:
 + Level 11.2 Fighting
 + Level 10.8 Maces & Flails
 + Level 6.1 Armour
 + Level 2.5 Dodging


You had 6 spell levels left.
You didn't know any spells.
Your spell library was empty.

Dungeon Overview and Level Annotations

Branches:
Dungeon (1/1)

Altars:
Sif Muna
Vehumet
Wu Jian


Innate Abilities, Weirdness & Mutations

A demonic guardian rushes to your aid.
You sometimes gain a little power by taking damage.
You have an unusually large brain. (Int +2)


Message History

The centaur warrior closely misses you.
You feel better. The centaur warrior closely misses you.
The centaur warrior kicks you.
* * * LOW HITPOINT WARNING * * *
Your orange demon stings the centaur warrior from afar!
The centaur warrior dies!
The centaur warrior hits you!
* * * LOW HITPOINT WARNING * * *
The centaur warrior completely misses you.
Your Fighting skill gained 3 levels and is now at level 11!
Your Maces & Flails skill gained 2 levels and is now at level 10!
Your Armour skill gained 2 levels and is now at level 6!
Your Dodging skill increases to level 2!
You have reached level 7!
Your demonic ancestry asserts itself...
Your brain expands.
Your orange demon stings the centaur warrior!
Your orange demon hits the centaur warrior.
The centaur warrior looks weaker.
The centaur warrior wields a +0 shortbow.
The centaur warrior shoots an arrow.
The arrow barely misses you.
Your orange demon stings the centaur warrior from afar!
The centaur warrior looks as sick as possible!
Your orange demon poisons the centaur warrior!
You sock the centaur warrior!
The centaur warrior seems to speed up.
Xom is amused.
The centaur warrior is severely wounded.
The centaur warrior unwields a +0 shortbow.
The centaur warrior barely misses you. The centaur warrior kicks you.
* * * LOW HITPOINT WARNING * * *
Your orange demon closely misses the centaur warrior.
You hit the centaur warrior but do no damage.
The centaur warrior appears confused.
The centaur warrior is severely wounded.
Your orange demon stings the centaur warrior but does no damage.
You catch the helpless centaur warrior completely off-guard!
You hit the centaur warrior but do no damage.
The centaur warrior is severely wounded.
The centaur warrior hits you.
You die...

################
#<.#..)..#.)'..#
∆∆
#..').#..'..#..+
∆∆
#..#####'#####'# #
#..# #..#∆∆∆#(#
##!§# #..#
####∆∆##4#§≈≈§.#∆∆
#..# #+#§.'§§§§§
#⌠⌠#
+.@c_#§≈≈..#∆∆
#### #_.#+##+####
∆∆ ##+#∆ ∆∆∆∆ ∆ ∆
∆ ∆ ∆ ∆∆ ∆∆ ∆ ∆ ∆
∆ ∆ ∆ ∆ ∆∆∆∆∆


You could see a centaur warrior (fast, confused, extremely poisoned, weak, ally
target) and a friendly orange demon (summoned).

Vanquished Creatures
  An ogre (D)
  A jelly (D)
  Ijyb (D)
3 creatures vanquished.

Vanquished Creatures (collateral kills)
  A centaur warrior (D)
  Sigmund (D)
2 creatures vanquished.

Grand Total: 5 creatures vanquished

Notes
Turn   | Place    | Note
-------+----------+-------------------------------------------
     0 | D        | innerfire433 the Demonspawn Chaos Knight began the quest
                  | for the Orb.
     0 | D        | Reached XP level 1. HP: 18/18 MP: 1/1
     2 | D        | Noticed Ijyb
     4 | D        | Paralysed by Ijyb for 2 turns
     6 | D        | Killed Ijyb
     7 | D        | Reached skill level 4 in Fighting
     7 | D        | Reached skill level 1 in Dodging
     7 | D        | Gained mutation: A weak demonic guardian rushes to your
                  | aid. [demonic ancestry]
     7 | D        | Reached XP level 2. HP: 26/26 MP: 2/2
    11 | D        | Noticed an ogre
    17 | D        | Killed an ogre
    18 | D        | Reached skill level 6 in Fighting
    18 | D        | Reached XP level 3. HP: 15/35 MP: 3/3
    18 | D        | Gained mutation: A demonic guardian rushes to your aid.
                  | [demonic ancestry]
    18 | D        | Reached XP level 4. HP: 18/41 MP: 4/4
   133 | D        | XOM: silly message
   236 | D        | Noticed Sigmund
   241 | D        | XOM: potion effect (curing)
   244 | D        | Killed Sigmund
   245 | D        | Reached skill level 8 in Fighting
   245 | D        | Gained mutation: You sometimes gain a little power by
                  | taking damage. [demonic ancestry]
   245 | D        | Reached XP level 5. HP: 30/51 MP: 5/5
   245 | D        | Reached XP level 6. HP: 33/57 MP: 6/6
   286 | D        | XOM: divination: detect items
   384 | D        | Found an ornate altar of the Wu Jian Council.
   384 | D        | Found a shimmering blue altar of Sif Muna.
   386 | D        | Found a radiant altar of Vehumet.
   387 | D        | XOM: noise
   390 | D        | Noticed a centaur warrior
   390 | D        | Noticed a centaur warrior
   394 | D        | Killed a centaur warrior
   395 | D        | Reached skill level 11 in Fighting
   395 | D        | Reached skill level 10 in Maces & Flails
   395 | D        | Gained mutation: You have an unusually large brain. (Int
                  | +2) [demonic ancestry]
   395 | D        | Reached XP level 7. HP: 3/68 MP: 7/7
   397 | D        | HP: 3/68 [centaur warrior (1)]
   399 | D        | Slain by a centaur warrior

Illustrated notes

Levels and vault maps discovered:
D:        dungeon_sprint_1 [red_sonja_temple_1, red_sonja_temple_small_1]

Skill      XL: |  1  2  3  4  5  6 |
---------------+-------------------+-----
Fighting       | 4 6 8 11 | 11.2
Maces & Flails | 4 6 8 10 | 10.8
Armour         | 2 3 4 6 |  6.1
Dodging        | 1 2 |  2.5

Action                   |  1- 3 |  4- 6 |  7- 9 || total
-------------------------+-------+-------+-------++-------
Melee: Mace              |     7 |    10 |     3 ||    20
       Punch             |       |     1 |       ||     1
  Use: Potion            |     1 |     2 |       ||     3
 Stab: Confused          |       |       |     1 ||     1
Armor: Leather armour    |     1 |     1 |       ||     2
Dodge: Dodged            |     1 |     6 |     2 ||     9

Table legend: (Time is in decaauts)
 A = Elapsed time spent in this place.
 B = Non-inter-level travel time spent in this place.
 C = Inter-level travel time spent in this place.
 D = Time resting spent in this place.
 E = Time spent auto-exploring this place.
 F = Levels seen in this place.
 G = Mean time per level.
                   A        B        C        D        E       F      G
               +--------+--------+--------+--------+--------+-----+--------+
         Total |    409 |    409 |      0 |      0 |      0 |   1 |  409.0 |
       Dungeon |    409 |    409 |      0 |      0 |      0 |   1 |  409.0 |
               +--------+--------+--------+--------+--------+-----+--------+

Top non-repeatable levels by time:
       D: 409 daAuts
